 Dungeon Crawl Stone Soup version 0.27-a0-1456-gf5a116941d (webtiles) character file.

Game seed: 16885304614772157305

33 epicjoe the Covered (level 3, -4/33 HPs)
             Began as a Minotaur Fighter on July 6, 2021.
             Slain by an orc (6 damage)
             ... on level 3 of the Dungeon.
             The game lasted 00:02:41 (457 turns).

epicjoe the Covered (Minotaur Fighter)               Turns: 457, Time: 00:02:41

Health: -4/33      AC: 11    Str: 21    XL:     3   Next: 12%
Magic:  2/2        EV:  1    Int:  5    God:
Gold:   19         SH:  0    Dex:  9    Spells: 2/2 levels left

rFire    . . .     SeeInvis .   a - +0 war axe
rCold    . . .     Faith    .   c - +0 kite shield
rNeg     . . .     Spirit   .   e - +0 plate armour
rPois    .         Reflect  .   (helmet restricted)
rElec    .         Harm     .   (no cloak)
rCorr    .         Rampage  .   (no gloves)
Will     .....                  (no boots)
Stlth    ..........             (no amulet)
HPRegen  0.11/turn              (no ring)
MPRegen  0.08/turn              (no ring)

@: confused, mighty, constricted
A: horns 2, retaliatory headbutt
a: no special abilities


You were on level 3 of the Dungeon.
You visited 1 branch of the dungeon, and saw 3 of its levels.

You collected 19 gold pieces.

Inventory:

Hand Weapons
 a - a +0 war axe (weapon)
Armour
 b - a +0 scale mail
 c - a +0 kite shield (worn)
 e - a +0 plate armour (worn)


   Skills:
 + Level 4.0 Fighting
 + Level 2.6 Axes
 + Level 4.2 Armour
 + Level 4.2 Shields


You had 2 spell levels left.
You didn't know any spells.
Your spell library was empty.

Dungeon Overview and Level Annotations

Branches:
Dungeon (3/15)

Altars:


Innate Abilities, Weirdness & Mutations

You have a pair of horns on your head.
You reflexively headbutt those who attack you in melee.


Message History

The ball python bites you but does no damage.
The ball python grabs you. The ball python constricts you.
You completely miss the orc. You miss the gnoll.
You barely miss the ball python. You miss something.
The orc hits you with a +0 club. The gnoll hits you with a +0 flail.
The ball python bites you but does no damage.
The ball python constricts you.
The ball python bites you but does no damage.
The ball python constricts you. The gnoll hits you with a +0 flail.
You closely miss something. You headbutt something!
Reactivating autopickup.
You feel a bit more experienced.
You miss the orc. You closely miss the ball python.
Your shield and plate armour prevent you from hitting the gnoll.
The ball python bites you. The ball python constricts you.
The gnoll hits you but does no damage.
The ball python bites you but does no damage.
The ball python constricts you. The orc hits you but does no damage.
Your Fighting skill increases to level 4!
Your Armour skill increases to level 4!
Your Shields skill increases to level 4!
You have reached level 3!
Your experience leads to an increase in your attributes!
Increase (S)trength, (I)ntelligence, or (D)exterity?
You feel stronger.
You closely miss the gnoll. You miss the orc. You closely miss the orc.
You miss the ball python. The gnoll hits you with a +0 flail.
The orc hits you but does no damage.
The ball python bites you but does no damage.
The ball python constricts you. The orc hits you but does no damage.
The gnoll hits you with a +0 flail.
* * * LOW HITPOINT WARNING * * *
The orc hits you with a +0 flail.
* * * LOW HITPOINT WARNING * * *
The ball python bites you but does no damage.
The ball python constricts you.
You feel very mighty all of a sudden. The orc hits you but does no damage.
The gnoll hits you but does no damage. The orc hits you with a +0 flail.
You die...

.... .# .#.# .# ... ##+## .# #
#.. ##...## .# #.#..###
##.....## .# #.#......
##..g....## .# ##
........####...S@....##.#...##
#........'...oo....'<....(..
##....####.........##.#...##
#.#.## ##.......## .# ## #..o.
##.....## .# gS#..# ##...## ..
#. #.# ##+## ## # .. ...


You could see a gnoll, 2 orcs and a ball python.

Vanquished Creatures
  An orc wizard (D:3)
  A bat (D:1)
  An endoplasm (D:2)
  A giant cockroach (D:2)
  A hobgoblin (D:1)
  2 kobolds
  2 rats (D:1)
9 creatures vanquished.

Notes
Turn   | Place    | Note
-------+----------+-------------------------------------------
     0 | D:1      | epicjoe the Minotaur Fighter began the quest for the Orb.
     0 | D:1      | Reached XP level 1. HP: 19/19 MP: 0/0
   409 | D:2      | Reached XP level 2. HP: 24/27 MP: 1/1
   456 | D:3      | Reached XP level 3. HP: 13/33 MP: 2/2
   457 | D:3      | Slain by an orc

Illustrated notes

Levels and vault maps discovered:
D:1:      evilmike_arrival_hilbert_curve, layout_loops_corners,
          hellmonk_ecumenical_altar_pennies_from_heaven, serial_bayou_pond_c
D:2:      layout_basic, minmay_tromino_v4_c
D:3:      layout_loops_corners, lemuel_coloured_pillars_altar, minmay_ruptured

Skill      XL: |  1  2 |
---------------+-------+-----
Fighting       | 4 |  4.0
Armour         | 4 |  4.2
Shields        | 4 |  4.2
Axes           | |  2.6

Action                   || total
-------------------------++-------
Melee: War axe           ||    25
       Headbutt          ||     5
  Use: Potion            ||     1
Armor: Plate armour      ||    44
Dodge: Dodged            ||     3
Block: Kite shield       ||    13

Table legend: (Time is in decaauts)
 A = Elapsed time spent in this place.
 B = Non-inter-level travel time spent in this place.
 C = Inter-level travel time spent in this place.
 D = Time resting spent in this place.
 E = Time spent auto-exploring this place.
 F = Levels seen in this place.
 G = Mean time per level.
                   A        B        C        D        E       F      G
               +--------+--------+--------+--------+--------+-----+--------+
         Total |    471 |    448 |     23 |     56 |      0 |   3 |  157.0 |
       Dungeon |    471 |    448 |     23 |     56 |      0 |   3 |  157.0 |
               +--------+--------+--------+--------+--------+-----+--------+

Top non-repeatable levels by time:
     D:1: 392 daAuts
     D:3: 46 daAuts
     D:2: 32 daAuts
